 Dungeon Crawl Stone Soup version 0.30-a0-711-gf4ac18a38d (webtiles) character file.

Game seed: 17601787262159301183

74 wormed the Firebug (level 4, -24/32 HPs)
             Began as a Demonspawn Fire Elementalist on Jan 22, 2023.
             Killed by an exploding orc (35 damage)
             ... ignited by their inner flame
             ... on level 4 of the Dungeon.
             The game lasted 00:04:06 (2137 turns).

wormed the Firebug (Demonspawn Fire Elementalist)   Turns: 2137, Time: 00:04:06

Health: -24/32     AC:  4    Str:  9    XL:     4   Next: 9%
Magic:  5/7        EV: 12    Int: 18    God:
Gold:   58         SH:  0    Dex: 13    Spells: 2/8 levels left

rFire   . . .      SeeInvis .    b - +0 short sword
rCold   + . .      Faith    .    (no shield)
rNeg    . . .      Spirit   .    a - +0 robe
rPois   .          Reflect  .    (no helmet)
rElec   .          Harm     .    (no cloak)
rCorr   .          Rampage  .    (no gloves)
Will    .....                    (no boots)
Stlth   ++                       h - amulet of magic regeneration
HPRegen 0.25/turn                j - ring of protection from cold
MPRegen 0.50/turn                (no ring)

@: no status effects
A: icy blue scales 1, foul stench 1
a: no special abilities


You were on level 4 of the Dungeon.
You visited 1 branch of the dungeon, and saw 4 of its levels.

You collected 136 gold pieces.
You spent 78 gold pieces at shops.

Inventory:

Hand Weapons
 b - a +0 short sword (weapon)
Armour
 a - a +0 robe (worn)
Jewellery
 h - an amulet of magic regeneration (around neck)
 j - a ring of protection from cold (left hand)
Wands
 i - a wand of roots (3)
Scrolls
 e - 2 scrolls of immolation
 f - 2 scrolls of enchant armour
 g - 3 scrolls of blinking
 k - a scroll of fog {unknown}
Potions
 c - 2 potions of heal wounds {unknown}
 d - 2 potions of degeneration {unknown}


   Skills:
 + Level 1.1 Fighting
 + Level 2.2 Dodging
 + Level 2.3 Stealth
 + Level 2.5 Spellcasting
 + Level 1.7 Conjurations
 + Level 3.1 Fire Magic


You had 2 spell levels left.
You knew the following spells:

 Your Spells              Type           Power      Damage    Failure   Level
a - Foxfire               Conj/Fire      40%        2x1d6     6%          1
b - Scorch                Fire           26%        2d6       8%          2
c - Inner Flame           Hex/Fire       7%         N/A       26%         3

Your spell library contained the following spells:

 Spells                   Type           Power      Damage    Failure   Level
 Ignite Poison            Fire/Tmut/Pois 5%         N/A       34%         3
 Kindle Blastsparks       Fire/Tloc/Air  10%        2d10      34%         3
 Flame Wave               Conj/Fire      10%        2d6       54%         4
 Freezing Cloud           Conj/Ice/Air   2%         6-21      98%         5


Dungeon Overview and Level Annotations

Branches:
Dungeon (4/15)
 Temple: D:4-7

Altars:
Cheibriados
Fedhas

Shops:
D:3 ?

Annotations:
D:4 Menkaure


Innate Abilities, Weirdness & Mutations

You are partially covered in icy blue scales. (AC +2)
You may rarely emit foul miasma when damaged in melee.


Message History

The hobgoblin attacks as you move away!
The hobgoblin hits you with a +0 war axe!
The hobgoblin barely misses your foxfire.
The hobgoblin misses your foxfire.
The foxfire hits the hobgoblin.
You kill the hobgoblin!
Casting: Foxfire (safe; 6% risk of failure)
Confirm with . or Enter, or press ? or * to list all spells.
You conjure some foxfire!
The orc closely misses you.
The foxfire hits the orc but does no damage. x2
Casting: Foxfire (safe; 6% risk of failure)
Confirm with . or Enter, or press ? or * to list all spells.
The spell is quite dangerous to miscast (26% risk of failure)!
Continue anyway?
Aiming: Inner Flame (quite dangerous; 26% risk of failure)
Press: ? - help, Dir - move target, f/p - orc
Aim: an orc, wielding a +0 flail and wearing a +0 leather armour (chance to affect: 71%)
The orc is filled with an inner flame.
The orc hits you with a +0 flail.
Menkaure gestures wildly while chanting.
Menkaure seems to speed up.
The orc attacks as you move away! The orc hits you with a +0 flail.
The orc attacks as you move away! The orc closely misses you.
Casting: Inner Flame (quite dangerous; 26% risk of failure)
Confirm with . or Enter, or press ? or * to list all spells.
You conjure some foxfire!
The orc barely misses you.
Your foxfire dissipates!
Found 13 gold pieces.
The foxfire hits the orc but does no damage.
Casting: Foxfire (safe; 6% risk of failure)
Confirm with . or Enter, or press ? or * to list all spells.
You conjure some foxfire!
Menkaure calls on the powers of darkness!
The orc convulses!
Flame seeps out of the orc.
Your body is wracked with pain!
The orc is engulfed in blazing flames.
The orc explodes!
The fiery explosion engulfs Menkaure!!
Menkaure is burned terribly!
Menkaure is almost destroyed.
The fiery explosion engulfs your foxfire.
Your foxfire completely resists.
The fiery explosion engulfs you!!
Ouch! That really hurt!
You die...

#####.####......#######.####
#.#.........# #.......# #
#.#.##...)..####.......# #
.>. ####v#............# #
.... #.#...#........######
.. #.#.#.#.............# .
#.#M#.#........<....#
#.#○#.#..(..........#
#.#v@...#......†.<..#
#(#..v..#......######
#.......[....##...#
#............##.#.#
#.[...........#.#.#
#.....(.###...#.#..
##......# #.#......
#.....$#...#.#.#..
#.###.#....


You could see Menkaure (fast).

Vanquished Creatures
  A jelly (D:3)
  An adder (D:3)
  A dart slug (D:3)
  4 orcs
  2 endoplasms
  2 goblins (D:3)
  6 hobgoblins
  2 kobolds
  2 quokkas
  A ball python (D:3)
  A bat (D:3)
  3 frilled lizards (D:3)
  4 rats
30 creatures vanquished.

Vanquished Creatures (others)
  80 foxfires
80 creatures vanquished.

Grand Total: 110 creatures vanquished

Notes
Turn   | Place    | Note
-------+----------+-------------------------------------------
     0 | D:1      | wormed the Demonspawn Fire Elementalist began the quest for
                  | the Orb.
     0 | D:1      | Reached XP level 1. HP: 13/13 MP: 3/3
   941 | D:2      | Gained mutation: You are partially covered in icy blue
                  | scales. (AC +2) [demonic ancestry]
   941 | D:2      | Reached XP level 2. HP: 20/20 MP: 1/5
  1054 | D:2      | Noticed an ogre
  1334 | D:3      | Learned a level 2 spell: Scorch
  1351 | D:3      | Found Weonkudd's Magic Scroll Shoppe.
  1417 | D:3      | Bought 3 scrolls of identify for 78 gold pieces
  1453 | D:3      | Reached XP level 3. HP: 25/25 MP: 2/6
  1531 | D:3      | Found a snail-covered altar of Cheibriados.
  1654 | D:3      | Found a blossoming altar of Fedhas.
  1970 | D:3      | Reached skill level 1 in Fighting
  1970 | D:3      | Reached skill level 3 in Fire Magic
  1970 | D:3      | Gained mutation: You may rarely emit foul miasma when
                  | damaged in melee. [demonic ancestry]
  1970 | D:3      | Reached XP level 4. HP: 32/32 MP: 4/7
  2091 | D:4      | Noticed a black bear
  2100 | D:4      | Learned a level 3 spell: Inner Flame
  2109 | D:4      | Noticed Menkaure
  2137 | D:4      | Killed by an exploding orc... ignited by their inner flame

Illustrated notes

Levels and vault maps discovered:
D:1:      arrival_zaba_pyramid, layout_basic
D:2:      layout_loops_ring, basic_altar, serial_shops, nicolae_diamond_shop,
          minmay_fractal_squares_gapless_5
D:3:      layout_basic, zin_scriptorium, nicolae_overflow_hidden_temple,
          kennysheep_slug_shrine, serial_shops, shop
D:4:      layout_basic, mainiacjoe_overflow_tiny_flanked,
          nicolae_sif_muna_little_library, uniq_menkaure

Skill      XL: |  1  2  3 |
---------------+----------+-----
Stealth        | 2 |  2.3
Dodging        | 2 |  2.2
Fighting       | 1 |  1.1
Fire Magic     | 3 |  3.1
Spellcasting   | |  2.5
Conjurations   | |  1.7

Action                     |  1- 3 |  4- 6 || total
---------------------------+-------+-------++-------
  Melee: Short sword       |     7 |       ||     7
         Unarmed           |     2 |       ||     2
   Cast: Foxfire           |    41 |     7 ||    48
         Scorch            |    10 |     2 ||    12
         Inner Flame       |       |     2 ||     2
    Use: Scroll            |     5 |       ||     5
         Potion            |     1 |       ||     1
 Armour: Robe              |    10 |     1 ||    11
  Dodge: Dodged            |    22 |     5 ||    27

Table legend: (Time is in decaauts)
 A = Elapsed time spent in this place.
 B = Non-inter-level travel time spent in this place.
 C = Inter-level travel time spent in this place.
 D = Time resting spent in this place.
 E = Time spent auto-exploring this place.
 F = Levels seen in this place.
 G = Mean time per level.
                   A        B        C        D        E       F      G
               +--------+--------+--------+--------+--------+-----+--------+
         Total |   2136 |   2047 |     89 |      0 |   1695 |   4 |  534.0 |
       Dungeon |   2136 |   2047 |     89 |      0 |   1695 |   4 |  534.0 |
               +--------+--------+--------+--------+--------+-----+--------+

Top non-repeatable levels by time:
     D:1: 937 daAuts
     D:3: 889 daAuts
     D:4: 176 daAuts
     D:2: 133 daAuts
